 Dungeon Crawl Stone Soup version 0.29-a0-364-g921d912d32 (webtiles) character file.

Game seed: 12584500527892943109

96 sammy202020 the Skirmisher (level 4, 0/55 HPs)
             Began as a Demonspawn Berserker on May 1, 2022.
             Was a Believer of Trog.
             Slain by a goblin
             ... wielding a +0 club
             ... led by Robin
              (6 damage)
             ... on level 2 of the Dungeon.
             The game lasted 00:02:53 (1955 turns).

sammy202020 the Skirmisher (Demonspawn Berserker)   Turns: 1955, Time: 00:02:54

Health: 0/55       AC:  3    Str: 18    XL:     4   Next: 41%
Magic:  4/4        EV: 11    Int: 10    God:    Trog [**....]
Gold:   167        SH:  3    Dex: 12    Spells: 3/3 levels left

rFire   . . .      SeeInvis .   m - +0 broad axe
rCold   . . .      Faith    .   f - +0 buckler
rNeg    . . .      Spirit   .   b - +0 animal skin
rPois   .          Reflect  .   (helmet restricted)
rElec   .          Harm     .   (no cloak)
rCorr   .          Rampage  .   i - +0 pair of gloves
Will    .....                   (no boots)
Stlth   ..........              (no amulet)
HPRegen 0.18/turn               (no ring)
MPRegen 0.09/turn               (no ring)

@: berserking (expiring), very quick
A: antennae 1, powered by pain 1
a: Renounce Religion, Berserk, Trog's Hand


You were on level 2 of the Dungeon.
You worshipped Trog.
Trog was pleased with you.
You visited 1 branch of the dungeon, and saw 2 of its levels.

You collected 167 gold pieces.

Inventory:

Hand Weapons
 a - a +0 hand axe
 h - a +0 war axe
 m - a +0 broad axe (weapon)
Armour
 b - a +0 animal skin (worn)
 f - a +0 buckler (worn)
 i - a +0 pair of gloves (worn)
Jewellery
 k - an amulet of reflection
Scrolls
 d - a scroll of noise
Potions
 e - 2 potions of curing
 g - 2 potions of flight
 j - a potion of attraction {unknown}


   Skills:
 * Level 3.8 Fighting
 * Level 3.5 Axes
 + Level 2.3 Armour
 + Level 2.3 Dodging


You had 3 spell levels left.
You didn't know any spells.
Your spell library was empty.

Dungeon Overview and Level Annotations

Branches:
Dungeon (2/15)

Altars:


Innate Abilities, Weirdness & Mutations

You have a pair of small antennae on your head.
You sometimes gain a little power by taking damage.


Message History

You kill Robin!
Trog accepts your kill. The goblin hits you with a +0 dagger.
You barely miss the goblin. The goblin completely misses you.
You closely miss the goblin. You barely miss the goblin.
The goblin closely misses you. The goblin hits you with a +0 club.
The goblin hits you with a +0 dagger. The goblin hits you with a +0 club.
You barely miss the goblin. You closely miss the goblin.
The goblin hits you but does no damage. The goblin barely misses you.
Unknown command.
You closely miss the goblin. You barely miss the goblin.
The goblin hits you but does no damage. The goblin misses you.
The goblin hits you with a +0 dagger.
* * * LOW HITPOINT WARNING * * *
The goblin closely misses you.
Unknown command.
A red film seems to cover your vision as you go berserk!
You feel yourself moving faster!
You feel mighty! The goblin hits you with a +0 dagger.
* * * LOW HITPOINT WARNING * * *
The goblin hits you with a +0 club.
* * * LOW HITPOINT WARNING * * *
You barely miss the goblin. You closely miss the goblin.
The goblin hits you but does no damage. The goblin hits you with a +0 club.
* * * LOW HITPOINT WARNING * * *
You closely miss the goblin. You hit the goblin. You block the goblin's attack.
The goblin closely misses you.
You closely miss the goblin. You miss the goblin.
You block the goblin's attack. x2
You miss the goblin. You hit the goblin.
You kill the goblin!
Trog accepts your kill.
The hobgoblin no longer looks unusually strong.
The goblin hits you with a +0 club.
* * * LOW HITPOINT WARNING * * *
You closely miss the goblin. You slash the goblin!
You kill the goblin!
Trog accepts your kill. The goblin hits you with a +0 club.
You die...

****,,,,,,,* *,* #
******#.* *,* # #.* *,*
# *** #.* *,* #
**,*****##.* *,* #
*,,,,,,,,.g* *,* #
**,******#.## *,* # *,*
#g)########.# #
*,*#######@#........# #
*,*#......)#.######## #
*,*#.####..#.## #
*,**,* #.....# *,**,*
#.....### *,**,*
#.......#### ###
*>**,***#..........####
#..
*,,,,,,,#.......#....>#
#.#
****,**,#.#...####.##.#
#.#


You could see a hobgoblin and a goblin (strong).

Vanquished Creatures
  Jessica (D:2)
  Robin (D:2)
  An adder (D:2)
  A worm (D:2)
  4 bats
  4 endoplasms
  8 goblins
  3 hobgoblins
  3 jackals (D:1)
  5 kobolds
  A quokka (D:1)
  6 ball pythons
  3 frilled lizards
  8 rats
49 creatures vanquished.

Notes
Turn   | Place    | Note
-------+----------+-------------------------------------------
     0 | D:1      | sammy202020 the Demonspawn Berserker began the quest for
                  | the Orb.
     0 | D:1      | Reached XP level 1. HP: 18/18 MP: 1/1
   127 | D:1      | Found a faded altar of an unknown god.
   247 | D:1      | Gained mutation: You have a pair of small antennae on your
                  | head. [demonic ancestry]
   247 | D:1      | Reached XP level 2. HP: 24/24 MP: 2/2
  1398 | D:2      | Reached ** piety under Trog
  1399 | D:2      | Reached XP level 3. HP: 22/29 MP: 3/3
  1637 | D:2      | Noticed Jessica
  1647 | D:2      | Killed Jessica
  1648 | D:2      | Gained mutation: You sometimes gain a little power by
                  | taking damage. [demonic ancestry]
  1648 | D:2      | Reached XP level 4. HP: 29/37 MP: 4/4
  1938 | D:2      | Identified the +2 helmet of Yczigguc {Contam rElec Dex+2}
  1938 | D:2      | Noticed Robin
  1945 | D:2      | Killed Robin
  1955 | D:2      | Slain by a goblin

Illustrated notes

Levels and vault maps discovered:
D:1:      dpeg_arrival_radiant, layout_loops_ring,
          shapermc_ecumenical_altar_hornbeckon
D:2:      layout_loops_ring, minivault_23, uniq_robin, uniq_jessica

Skill      XL: |  1  2 |
---------------+-------+-----
Axes           | 3 |  3.5
Armour         | 2 |  2.3
Dodging        | 2 |  2.3
Fighting       | |  3.8

Action                   |  1- 3 |  4- 6 || total
-------------------------+-------+-------++-------
Melee: Hand axe          |    70 |       ||    70
       Broad axe         |    28 |    23 ||    51
Invok: Berserk           |       |     1 ||     1
  Use: Scroll            |       |     8 ||     8
 Stab: Sleeping          |     1 |       ||     1
Armor: Animal skin       |    29 |     6 ||    35
Dodge: Dodged            |    54 |    14 ||    68
Block: Buckler           |    11 |     7 ||    18

Table legend: (Time is in decaauts)
 A = Elapsed time spent in this place.
 B = Non-inter-level travel time spent in this place.
 C = Inter-level travel time spent in this place.
 D = Time resting spent in this place.
 E = Time spent auto-exploring this place.
 F = Levels seen in this place.
 G = Mean time per level.
                   A        B        C        D        E       F      G
               +--------+--------+--------+--------+--------+-----+--------+
         Total |   1996 |   1851 |    145 |      0 |   1487 |   2 |  998.0 |
       Dungeon |   1996 |   1851 |    145 |      0 |   1487 |   2 |  998.0 |
               +--------+--------+--------+--------+--------+-----+--------+

Top non-repeatable levels by time:
     D:1: 1319 daAuts
     D:2: 676 daAuts
